 Dungeon Crawl Stone Soup version 0.31-a0-764-g8440623082 (webtiles) character file.

Game seed: 17618047599975752954

103 Ijustatesigmund the Firebug (level 4, -1/24 HPs)
             Began as a Deep Elf Fire Elementalist on Sept 15, 2023.
             Slain by a cerulean imp
             ... wielding a +2 spear
             ... summoned by Natasha
              (3 damage)
             ... on level 2 of the Dungeon.
             The game lasted 00:02:37 (2237 turns).

Ijustatesigmund the Firebug (DEFE)                  Turns: 2237, Time: 00:02:37

Health: -1/24      AC:  3    Str:  5    XL:     4   Next: 51%
Magic:  2/11       EV: 13    Int: 22    God:
Gold:   63         SH:  0    Dex: 15    Spells: 3/10 levels left

rFire   . . .        c - +0 mace
rCold   . . .        (no shield)
rNeg    + . .        a - +0 robe
rPois   .            (no helmet)
rElec   .            (no cloak)
rCorr   .            k - +0 pair of gloves
SInv    .            (no boots)
Will    .....        (no amulet)
Stlth   ++           g - ring of positive energy
HPRegen 0.24/turn    (no ring)
MPRegen 0.12/turn

%: no passive effects
@: no status effects
A: no striking features
a: no special abilities


You were on level 2 of the Dungeon.
You visited 1 branch of the dungeon, and saw 2 of its levels.

You collected 63 gold pieces.

Inventory:

Hand Weapons
 c - a +0 mace (weapon)
Missiles
 j - a throwing net
Armour
 a - a +0 robe (worn)
 k - a +0 pair of gloves (worn)
Jewellery
 g - a ring of positive energy (left hand)
Scrolls
 e - 4 scrolls of identify {unknown}
Potions
 b - a potion of magic
 d - 2 potions of heal wounds {unknown}
 f - 2 potions of enlightenment {unknown}
 h - a potion of curing {unknown}
 i - 2 potions of berserk rage {unknown}


   Skills:
 + Level 3.3 Dodging
 + Level 3.5 Stealth
 + Level 3.8 Spellcasting
 + Level 2.4 Conjurations
 + Level 3.9 Fire Magic


You had 3 spell levels left.
You knew the following spells:

 Your Spells              Type           Power      Damage    Failure   Level
a - Foxfire               Conj/Fire      72%        2x1d7     3%          1
b - Scorch                Fire           42%        2d6       3%          2
c - Flame Wave            Conj/Fire      18%        2d7       30%         4

Your spell library contained the following spells:

 Spells                   Type           Power      Damage    Failure   Level
 Kiss of Death            Conj/Necr      36%        2d8       7%          1
 Inner Flame              Hex/Fire       13%        N/A       16%         3
 Volatile Blastmotes      Fire/Tloc      26%        2d12      16%         3
 Confusing Touch          Hex            4%         N/A       34%         3
 Dispel Undead            Necr           4%         3d7       75%         4


Dungeon Overview and Level Annotations

Branches:
Dungeon (2/15)

Altars:

Annotations:
D:1 1 transporter
D:2 Natasha


Message History

The foxfire hits Natasha.
Natasha is moderately wounded.
Casting: Foxfire (safe; 3% risk of failure)
Confirm with . or Enter, or press ? or * to list all spells.
Flames lash Natasha.
Natasha is almost dead.
Natasha's fire resistance burns away.
Natasha casts a spell.
Natasha claws you. The cerulean imp misses you.
Casting: Scorch (safe; 3% risk of failure)
Confirm with . or Enter, or press ? or * to list all spells.
Flames lash Natasha.
Natasha is almost dead.
Natasha claws you! The cerulean imp misses you. Natasha closely misses you.
The cerulean imp closely misses you.
Casting: Scorch (safe; 3% risk of failure)
Confirm with . or Enter, or press ? or * to list all spells.
Flames lash the cerulean imp.
The cerulean imp is heavily wounded.
The cerulean imp's fire resistance burns away.
Natasha claws you but does no damage.
The cerulean imp hits you from afar with a +2 spear.
Natasha casts a spell.
The cerulean imp barely misses you.
You closely miss Natasha.
Natasha is almost dead.
Natasha claws you.
The cerulean imp hits you but does no damage.
Casting: Scorch (safe; 3% risk of failure)
Confirm with . or Enter, or press ? or * to list all spells.
You don't have enough magic to cast this spell.
Casting: Scorch (safe; 3% risk of failure)
Confirm with . or Enter, or press ? or * to list all spells.
You conjure some foxfire!
The cerulean imp is no longer more vulnerable to fire.
Natasha is no longer more vulnerable to fire.
The cerulean imp closely misses you. Natasha claws you!
* * * LOW HITPOINT WARNING * * *
The cerulean imp hits you from afar with a +2 spear.
You die...

...#.........# ##.##
...#.....(...# #..#
.............# #..###
...†.........# #####..†.#
.#.###.......# #........#
.#.###.....### #........#
....####.#.## ###........#
......##....###v.........#
##............5h@.####...##
#.....#........v....##....#
....#.####....###5#.##....#
[............v##..#.##....#
........##................#
..................#.##....###
##.............#.....#......#
##)...#.......#.##.........#
##............#.####....##.#


You could see Natasha and 2 cerulean imps.

Vanquished Creatures
  Natasha (D:2)
  2 adders (D:2)
  3 dart slugs
  8 endoplasms
  4 giant cockroaches
  5 goblins
  2 hobgoblins (D:2)
  10 jackals
  A quokka (D:2)
  2 ball pythons (D:1)
  2 bats
  4 frilled lizards
  A kobold (D:2)
  5 rats
50 creatures vanquished.

Vanquished Creatures (others)
  146 foxfires
146 creatures vanquished.

Grand Total: 196 creatures vanquished

Notes
Turn   | Place    | Note
-------+----------+-------------------------------------------
     0 | D:1      | Ijustatesigmund the Deep Elf Fire Elementalist began the
                  | quest for the Orb.
     0 | D:1      | Reached XP level 1. HP: 10/10 MP: 6/6
   169 | D:1      | Reached XP level 2. HP: 15/15 MP: 5/8
   172 | D:1      | Learned a level 2 spell: Scorch
   901 | D:1      | You fall into a shaft and drop 1 floor!
   911 | D:2      | Reached XP level 3. HP: 19/19 MP: 6/9
  1806 | D:2      | Reached XP level 4. HP: 14/24 MP: 3/11
  1817 | D:2      | Learned a level 4 spell: Flame Wave
  2041 | D:2      | Noticed Natasha
  2051 | D:2      | Killed Natasha
  2223 | D:2      | Noticed Natasha
  2237 | D:2      | Slain by a cerulean imp

Illustrated notes

Levels and vault maps discovered:
D:1:      spicycebolla_arrival_risky_transporter, layout_loops_corners,
          minmay_bisected
D:2:      layout_rooms, uniq_natasha, uniq_crazy_yiuf_cottage

Skill      XL: |  1  2  3 |
---------------+----------+-----
Stealth        | 3 |  3.5
Conjurations   | 2 |  2.4
Dodging        | 3 |  3.3
Spellcasting   | |  3.8
Fire Magic     | |  3.9

Action                     |  1- 3 |  4- 6 || total
---------------------------+-------+-------++-------
  Melee: Mace              |     2 |     1 ||     3
   Cast: Foxfire           |    70 |    14 ||    84
         Scorch            |     3 |     5 ||     8
 Armour: Robe              |    13 |    15 ||    28
  Dodge: Dodged            |    22 |    13 ||    35

Table legend: (Time is in decaauts)
 A = Elapsed time spent in this place.
 B = Non-inter-level travel time spent in this place.
 C = Inter-level travel time spent in this place.
 D = Time resting spent in this place.
 E = Time spent auto-exploring this place.
 F = Levels seen in this place.
 G = Mean time per level.
                   A        B        C        D        E       F      G
               +--------+--------+--------+--------+--------+-----+--------+
         Total |   2238 |   2189 |     49 |    248 |   1620 |   2 | 1119.0 |
       Dungeon |   2238 |   2189 |     49 |    248 |   1620 |   2 | 1119.0 |
               +--------+--------+--------+--------+--------+-----+--------+

Top non-repeatable levels by time:
     D:1: 1357 daAuts
     D:2: 880 daAuts
